[ AOE2 MATCH · #507233508 ]
UnrankedAztecs vs Poles
Player's team · WIN
Rival team · LOSS
[ REPLAY ANALYSIS · EXTRACTED FROM THE RECORDED GAME ]
Feudal
10:42
Castle
24:20
Imperial
40:06
| APM avg | 55.3 |
| APM peak | 84 |
| eAPM avg | 31.6 |
| Villagers / military | 133 / 124 |
Focus
⚔️ 34.5% · 🌾 65.5%
Archer ×62 · Spearman ×45 · Monk ×9 · Eagle Scout ×6 · Trebuchet (Packed) ×2
Feudal
10:03
Castle
25:40
Imperial
—
| APM avg | 34.0 |
| APM peak | 68 |
| eAPM avg | 19.2 |
| Villagers / military | 102 / 101 |
Focus
⚔️ 36.1% · 🌾 63.9%
Knight ×76 · Skirmisher ×17 · Militia ×5 · Scout Cavalry ×2 · Scorpion ×1
Match map
Initial resources + every placement click. Lines = walls · curves = elevation contours. ◆ gold · ⬟ stone · ● berries · ✦ relic · ◌ wall gap
Your base· Open — unwalled flank
Failey's base· Open — unwalled flank
Smoothed initial terrain · ◌ = detected wall gap · hover for details
Inputs per minute
— manteldon - - Failey
Build order — manteldon
First 150 of 379 actions detected
| 0:00 | Queue | Villager (Male) |
| 0:01 | Queue | Villager (Male) |
| 0:01 | Queue | Villager (Male) |
| 0:01 | Queue | Villager (Male) |
| 0:02 | Queue | Villager (Male) |
| 0:04 | Build | House |
| 0:05 | Build | House |
| 1:43 | Queue | Villager (Male) |
| 1:43 | Queue | Villager (Male) |
| 1:43 | Queue | Villager (Male) |
| 1:52 | Research | Loom |
| 2:01 | Queue | Villager (Male) |
| 2:01 | Queue | Villager (Male) |
| 2:01 | Queue | Villager (Male) |
| 2:08 | Build | Lumber Camp |
| 2:43 | Queue | Villager (Male) |
| 2:43 | Queue | Villager (Male) |
| 3:19 | Queue | Villager (Male) |
| 3:19 | Queue | Villager (Male) |
| 3:41 | Queue | Villager (Male) |
| 3:42 | Queue | Villager (Male) |
| 4:12 | Queue | Villager (Male) |
| 4:13 | Queue | Villager (Male) |
| 4:33 | Queue | Villager (Male) |
| 4:34 | Queue | Villager (Male) |
| 4:39 | Build | House |
| 4:56 | Queue | Villager (Male) |
| 4:56 | Queue | Villager (Male) |
| 4:56 | Queue | Villager (Male) |
| 5:20 | Queue | Villager (Male) |
| 5:21 | Queue | Villager (Male) |
| 5:21 | Queue | Villager (Male) |
| 5:32 | Build | Mill |
| 5:35 | Queue | Villager (Male) |
| 5:35 | Queue | Villager (Male) |
| 5:35 | Queue | Villager (Male) |
| 6:12 | Queue | Villager (Male) |
| 6:18 | Build | House |
| 6:19 | Build | Palisade Wall |
| 6:24 | Queue | Villager (Male) |
| 6:38 | Build | Palisade Wall |
| 6:43 | Queue | Villager (Male) |
| 7:41 | Queue | Villager (Male) |
| 8:13 | Build | Mill |
| 8:32 | Research | Feudal Age |
| 8:57 | Build | Palisade Wall |
| 9:00 | Queue | Villager (Male) |
| 9:42 | Build | House |
| 10:05 | Queue | Villager (Male) |
| 10:13 | Build | Palisade Gate |
| 10:21 | Build | Palisade Wall |
| 10:24 | Queue | Villager (Male) |
| 10:28 | Build | Palisade Wall |
| 10:42 | Age | Feudal Age |
| 10:58 | Build | Barracks |
| 11:11 | Research | Double-Bit Axe |
| 11:11 | Research | Double-Bit Axe |
| 11:30 | Build | House |
| 11:37 | Build | Palisade Wall |
| 12:03 | Queue | Villager (Male) |
| 12:10 | Queue | Villager (Male) |
| 12:15 | Queue | Villager (Male) |
| 12:16 | Queue | Villager (Male) |
| 12:25 | Build | Watch Tower |
| 12:32 | Queue | Villager (Male) |
| 12:36 | Build | Archery Range |
| 12:40 | Build | Palisade Wall |
| 12:40 | Build | Palisade Wall |
| 12:43 | Build | House |
| 12:45 | Build | Palisade Wall |
| 12:47 | Build | Palisade Wall |
| 12:52 | Build | House |
| 12:56 | Queue | Villager (Male) |
| 13:03 | Build | Mining Camp |
| 13:35 | Build | Lumber Camp |
| 13:39 | Queue | Villager (Male) |
| 13:50 | Queue | Archer |
| 13:50 | Queue | Archer |
| 13:50 | Queue | Archer |
| 14:57 | Queue | Archer |
| 14:57 | Queue | Archer |
| 15:13 | Queue | Archer |
| 15:13 | Queue | Archer |
| 15:13 | Queue | Archer |
| 15:13 | Queue | Archer |
| 15:56 | Build | House |
| 16:05 | Queue | Archer |
| 16:06 | Queue | Archer |
| 16:06 | Queue | Archer |
| 16:09 | Build | Blacksmith |
| 16:22 | Queue | Archer |
| 16:28 | Build | Farm |
| 16:30 | Queue | Villager (Male) |
| 16:30 | Queue | Villager (Male) |
| 16:36 | Build | Palisade Wall |
| 16:37 | Queue | Archer |
| 16:37 | Queue | Archer |
| 16:44 | Queue | Villager (Male) |
| 16:44 | Queue | Villager (Male) |
| 16:54 | Build | Farm |
| 16:55 | Build | Farm |
| 17:01 | Queue | Archer |
| 17:05 | Build | House |
| 17:06 | Build | Palisade Wall |
| 17:17 | Research | Fletching |
| 17:17 | Research | Fletching |
| 17:17 | Research | Fletching |
| 17:24 | Build | Palisade Gate |
| 17:32 | Build | Farm |
| 17:33 | Build | Farm |
| 17:36 | Queue | Villager (Male) |
| 17:44 | Build | Farm |
| 17:44 | Build | Farm |
| 17:56 | Queue | Archer |
| 17:56 | Queue | Archer |
| 17:59 | Build | Archery Range |
| 18:06 | Queue | Villager (Male) |
| 18:06 | Queue | Villager (Male) |
| 18:07 | Queue | Villager (Male) |
| 18:09 | Build | Farm |
| 18:09 | Build | Farm |
| 18:19 | Queue | Villager (Male) |
| 18:19 | Queue | Villager (Male) |
| 19:01 | Build | Farm |
| 19:02 | Build | Farm |
| 19:03 | Queue | Villager (Male) |
| 19:03 | Queue | Villager (Male) |
| 19:04 | Queue | Archer |
| 19:14 | Queue | Villager (Male) |
| 19:26 | Queue | Villager (Male) |
| 19:31 | Build | Market |
| 19:35 | Queue | Archer |
| 20:10 | Queue | Eagle Scout |
| 20:10 | Queue | Eagle Scout |
| 20:12 | Queue | Villager (Male) |
| 20:12 | Queue | Villager (Male) |
| 20:21 | Queue | Villager (Male) |
| 20:41 | Queue | Villager (Male) |
| 21:03 | Queue | Archer |
| 21:03 | Queue | Archer |
| 21:04 | Queue | Villager (Male) |
| 21:21 | Queue | Villager (Male) |
| 21:27 | Queue | Archer |
| 21:40 | Research | Castle Age |
| 21:40 | Research | Castle Age |
| 22:24 | Queue | Villager (Male) |
| 22:25 | Queue | Villager (Male) |
| 22:29 | Queue | Eagle Scout |
| 22:32 | Queue | Villager (Male) |
| 22:33 | Queue | Archer |
Build order — Failey
First 150 of 305 actions detected
| 0:01 | Queue | Villager (Male) |
| 0:01 | Queue | Villager (Male) |
| 0:02 | Build | House |
| 0:03 | Build | House |
| 0:03 | Queue | Villager (Male) |
| 0:12 | Queue | Villager (Male) |
| 0:22 | Research | Loom |
| 0:23 | Queue | Villager (Male) |
| 0:28 | Queue | Villager (Male) |
| 0:31 | Queue | Villager (Male) |
| 1:50 | Queue | Villager (Male) |
| 2:32 | Queue | Villager (Male) |
| 2:32 | Queue | Villager (Male) |
| 3:00 | Queue | Villager (Male) |
| 3:00 | Queue | Villager (Male) |
| 3:25 | Queue | Villager (Male) |
| 3:25 | Queue | Villager (Male) |
| 3:57 | Build | House |
| 4:00 | Queue | Villager (Male) |
| 4:01 | Queue | Villager (Male) |
| 4:05 | Build | Lumber Camp |
| 4:19 | Queue | Villager (Male) |
| 4:19 | Queue | Villager (Male) |
| 4:42 | Queue | Villager (Male) |
| 4:42 | Queue | Villager (Male) |
| 5:17 | Queue | Villager (Male) |
| 5:17 | Queue | Villager (Male) |
| 5:31 | Queue | Villager (Male) |
| 5:32 | Queue | Villager (Male) |
| 5:45 | Queue | Villager (Male) |
| 5:45 | Queue | Villager (Male) |
| 5:58 | Build | Mill |
| 6:06 | Queue | Villager (Male) |
| 6:09 | Queue | Villager (Male) |
| 7:53 | Research | Feudal Age |
| 8:11 | Build | Barracks |
| 9:22 | Queue | Militia |
| 9:22 | Queue | Militia |
| 9:23 | Queue | Militia |
| 9:25 | Queue | Villager (Male) |
| 9:29 | Build | Farm |
| 9:32 | Build | Farm |
| 9:54 | Build | House |
| 10:03 | Age | Feudal Age |
| 10:32 | Build | Mining Camp |
| 10:36 | Research | Man-at-Arms (upgrade) |
| 10:50 | Queue | Villager (Male) |
| 10:50 | Queue | Villager (Male) |
| 10:54 | Build | House |
| 11:10 | Queue | Villager (Male) |
| 11:10 | Queue | Villager (Male) |
| 11:18 | Build | Farm |
| 11:23 | Build | Farm |
| 11:25 | Queue | Villager (Male) |
| 11:26 | Queue | Villager (Male) |
| 12:03 | Queue | Villager (Male) |
| 12:18 | Queue | Militia |
| 12:27 | Queue | Villager (Male) |
| 12:41 | Build | Watch Tower |
| 12:45 | Queue | Villager (Male) |
| 12:54 | Build | House |
| 13:11 | Build | Farm |
| 13:14 | Queue | Villager (Male) |
| 13:15 | Queue | Villager (Male) |
| 13:32 | Queue | Villager (Male) |
| 13:33 | Queue | Villager (Male) |
| 13:48 | Research | Double-Bit Axe |
| 14:21 | Build | House |
| 14:37 | Research | Horse Collar |
| 14:42 | Queue | Villager (Male) |
| 14:46 | Queue | Militia |
| 14:58 | Queue | Villager (Male) |
| 14:59 | Queue | Villager (Male) |
| 15:23 | Queue | Villager (Male) |
| 15:38 | Build | House |
| 15:42 | Queue | Villager (Male) |
| 15:47 | Queue | Villager (Male) |
| 16:42 | Build | Archery Range |
| 16:45 | Queue | Villager (Male) |
| 17:15 | Queue | Villager (Male) |
| 17:19 | Build | Farm |
| 17:21 | Build | Farm |
| 17:28 | Queue | Skirmisher |
| 17:30 | Queue | Villager (Male) |
| 17:37 | Queue | Villager (Male) |
| 17:43 | Build | Farm |
| 17:52 | Queue | Skirmisher |
| 17:53 | Queue | Skirmisher |
| 17:54 | Queue | Villager (Male) |
| 18:08 | Queue | Skirmisher |
| 18:27 | Queue | Skirmisher |
| 18:35 | Build | Blacksmith |
| 18:36 | Queue | Villager (Male) |
| 18:53 | Queue | Skirmisher |
| 19:01 | Build | Farm |
| 19:09 | Build | Farm |
| 19:11 | Queue | Skirmisher |
| 19:20 | Research | Padded Archer Armor |
| 19:23 | Build | Farm |
| 19:28 | Queue | Skirmisher |
| 19:36 | Queue | Villager (Male) |
| 19:52 | Queue | Skirmisher |
| 20:04 | Queue | Skirmisher |
| 20:09 | Queue | Skirmisher |
| 20:17 | Research | Fletching |
| 20:17 | Queue | Villager (Male) |
| 20:20 | Queue | Villager (Male) |
| 20:22 | Build | Farm |
| 20:24 | Queue | Villager (Male) |
| 20:26 | Build | Farm |
| 20:32 | Queue | Villager (Male) |
| 20:39 | Build | Mining Camp |
| 20:43 | Build | Farm |
| 20:50 | Queue | Villager (Male) |
| 20:56 | Build | Market |
| 21:01 | Queue | Skirmisher |
| 21:01 | Queue | Skirmisher |
| 21:04 | Queue | Villager (Male) |
| 21:09 | Queue | Villager (Male) |
| 21:13 | Queue | Villager (Male) |
| 21:18 | Build | Farm |
| 21:20 | Queue | Skirmisher |
| 21:30 | Queue | Skirmisher |
| 21:46 | Queue | Skirmisher |
| 21:57 | Build | House |
| 22:08 | Queue | Villager (Male) |
| 22:13 | Queue | Villager (Male) |
| 22:18 | Queue | Villager (Male) |
| 22:19 | Queue | Villager (Male) |
| 22:31 | Build | Stable |
| 23:00 | Research | Castle Age |
| 23:47 | Build | Lumber Camp |
| 23:56 | Build | House |
| 24:07 | Queue | Scout Cavalry |
| 24:12 | Research | Bloodlines |
| 24:19 | Research | Scale Barding Armor |
| 24:36 | Build | House |
| 25:06 | Build | Farm |
| 25:12 | Build | Watch Tower |
| 25:15 | Queue | Scout Cavalry |
| 25:15 | Queue | Villager (Male) |
| 25:40 | Age | Castle Age |
| 25:55 | Build | House |
| 25:59 | Queue | Knight |
| 26:01 | Queue | Skirmisher |
| 26:08 | Queue | Knight |
| 26:23 | Build | Farm |
| 26:32 | Queue | Villager (Male) |
| 26:47 | Queue | Knight |
| 26:48 | Research | Light Cavalry (upgrade) |
Match timeline
| 6:19 | manteldon · wall_segment Palisade Wall x4 |
| 6:38 | manteldon · wall_segment Palisade Wall x1 |
| 8:11 | Failey · first_building Barracks |
| 8:57 | manteldon · wall_segment Palisade Wall x7 |
| 10:03 | Failey · age_up feudal |
| 10:21 | manteldon · wall_segment Palisade Wall x1 |
| 10:28 | manteldon · wall_segment Palisade Wall x1 |
| 10:42 | manteldon · age_up feudal |
| 10:58 | manteldon · first_building Barracks |
| 11:37 | manteldon · wall_segment Palisade Wall x1 |
| 12:36 | manteldon · first_building Archery Range |
| 12:40 | manteldon · wall_segment Palisade Wall x1 |
| 12:40 | manteldon · wall_segment Palisade Wall x1 |
| 12:45 | manteldon · wall_segment Palisade Wall x1 |
| 12:47 | manteldon · wall_segment Palisade Wall x1 |
| 16:36 | manteldon · wall_segment Palisade Wall x1 |
| 16:42 | Failey · first_building Archery Range |
| 17:06 | manteldon · wall_segment Palisade Wall x6 |
| 21:06 | manteldon · first_market_sell 500 wood |
| 21:23 | manteldon · first_market_buy 100 food |
| 22:31 | Failey · first_building Stable |
| 22:37 | Failey · first_market_sell 500 stone |
| 22:38 | Failey · first_market_buy 500 food |
| 24:20 | manteldon · age_up castle |
| 25:40 | Failey · age_up castle |
| 26:57 | manteldon · first_building Monastery |
| 29:41 | Failey · first_building Siege Workshop |
| 30:12 | Failey · first_building Castle |
| 35:01 | Failey · first_building Monastery |
| 36:28 | manteldon · first_building Castle |
| 37:43 | manteldon · wall_segment Palisade Wall x1 |
| 40:06 | manteldon · age_up imperial |
| 42:05 | Failey · resign |
[ AI ANALYSIS · 1 CREDIT ]
What really happened in this match?
Wolo.gg analyzes every decision: build order, eco, micro, common mistakes by bracket. Personalized analysis on WhatsApp or Discord in 30 seconds.
Civ guide
Aztecs
Perfil
manteldon